 Dungeon Crawl Stone Soup version 0.22.1-1-ga44c0e56f4 (webtiles) character file.

207 Freyura the Cudgeler (level 5, -11/33 HPs)
             Began as a Gargoyle Fighter on Oct 14, 2018.
             Mangled by an ogre
             ... wielding a +0 giant club
              (14 damage)
             ... on level 4 of the Dungeon.
             The game lasted 00:05:36 (2129 turns).

Freyura the Cudgeler (Gargoyle Fighter)             Turns: 2129, Time: 00:05:37

Health: -11/33     AC: 14    Str: 19    XL:     5   Next: 85%
Magic:  5/5        EV:  5    Int:  9    God:
Gold:   233        SH:  9    Dex: 10    Spells: 4/4 levels left

rFire    + . .     SeeInvis .   a - +1 flail
rCold    . . .     Gourm    .   c - +0 shield
rNeg     + . .     Faith    .   k - +0 chain mail
rPois    ∞         Spirit   .   (no helmet)
rElec    +         Reflect  .   j - +0 cloak
rCorr    .         Harm     .   (no gloves)
MR       .....                  (no boots)
Stlth    ..........             (no amulet)
HPRegen  0.11/turn              l - ring of protection from fire
MPRegen  0.09/turn              (no ring)

@: no status effects
A: negative energy resistance 1, electricity resistance, unbreathing,
petrification resistance, rot immunity, AC +4
a: no special abilities


You were on level 4 of the Dungeon.
You were full.

You visited 1 branch of the dungeon, and saw 4 of its levels.

You collected 233 gold pieces.

Inventory:

Hand Weapons
 a - a +1 flail (weapon)
Armour
 c - a +0 shield (worn)
 j - a +0 cloak (worn)
 k - a +0 chain mail (worn)
Jewellery
 l - a ring of protection from fire (left hand)
Scrolls
 f - a scroll of identify
Potions
 d - 2 potions of might
 e - a potion of berserk rage
 h - a potion of agility
 i - 2 potions of flight
Comestibles
 g - 3 rations


   Skills:
 + Level 3.8 Fighting
 * Level 4.4 Maces & Flails
 + Level 3.6 Armour
 + Level 1.1 Dodging
 + Level 4.2 Shields


You had 4 spell levels left.
You didn't know any spells.
Your spell library was empty.

Dungeon Overview and Level Annotations

Branches:
Dungeon (4/15)
 Temple: D:4-7

Altars:
Cheibriados
Dithmenos
Fedhas


Innate Abilities, Weirdness & Mutations

You are resistant to torment.
Your stone body is resilient. (AC +4)
You are immune to poison.
You resist negative energy. (rN+)
You are resistant to electric shocks. (rElec)
You can survive without breathing.
You are immune to petrification.
You are immune to rotting.


Message History

There is a stone staircase leading up here.
An ogre comes into view. It is wielding a giant club.
The ogre moves out of view.
Found a scroll labeled ORUNLEGYONE.
The ogre is too close now for your liking.
The ogre hits you with a giant club!!
Ouch! That really hurt!
You are too injured to fight recklessly!
You are too injured to fight recklessly!
You are too injured to fight recklessly!
You are too injured to fight recklessly!
You are too injured to fight recklessly!
You thump the ogre!
The ogre is heavily wounded.
The ogre hits you with a giant club!
* * * LOW HITPOINT WARNING * * *
You hit the ogre.
The ogre is heavily wounded.
The ogre hits you with a giant club!
You die...

#......
#...##
#<..#
##..###
##...#
##...#
#..#.#
##.##.#
#@## #
......O?#
.......##
#####..
##. ##


You could see an ogre.

Vanquished Creatures
  A scorpion (D:3)
  A crimson imp (D:3)
  Terence (D:2)
  3 adders (D:2)
  A worm (D:2)
  2 dart slugs
  2 leopard geckos
  5 giant cockroaches
  8 hobgoblins
  4 jackals (D:1)
  A quokka (D:3)
  8 bats
  4 frilled lizards
  10 goblins
  4 kobolds
  5 rats
60 creatures vanquished.

Notes
Turn   | Place    | Note
-------+----------+-------------------------------------------
     0 | D:1      | Freyura the Gargoyle Fighter began the quest for the Orb.
     0 | D:1      | Reached XP level 1. HP: 14/14 MP: 1/1
   132 | D:1      | Reached XP level 2. HP: 19/19 MP: 2/2
   413 | D:1      | Reached XP level 3. HP: 23/23 MP: 3/3
   799 | D:2      | Noticed Terence
   809 | D:2      | Killed Terence
   819 | D:2      | Reached XP level 4. HP: 23/28 MP: 4/4
   855 | D:2      | Found a faded altar of an unknown god.
   968 | D:2      | Found a snail-covered altar of Cheibriados.
  1017 | D:2      | Found a shadowy altar of Dithmenos.
  1495 | D:3      | Found a blossoming altar of Fedhas.
  1508 | D:3      | Reached skill level 1 in Dodging
  1508 | D:3      | Reached XP level 5. HP: 33/33 MP: 5/5
  2123 | D:4      | Noticed an ogre
  2129 | D:4      | Mangled by an ogre

Skill      XL: |  1  2  3  4 |
---------------+-------------+-----
Maces & Flails | 3 4 |  4.4
Shields        | 4 |  4.2
Dodging        | 1 |  1.1
Fighting       | |  3.8
Armour         | |  3.6

Action                   |  1- 3 |  4- 6 || total
-------------------------+-------+-------++-------
Melee: Flail             |    98 |   123 ||   221
  Use: Scroll            |     3 |     6 ||     9
  Eat: Ration            |       |     3 ||     3
Armor: Scale mail        |    88 |    45 ||   133
       Chain mail        |       |    15 ||    15
Dodge: Dodged            |    56 |    36 ||    92
Block: Shield            |    67 |    77 ||   144
